 Dungeon Crawl Stone Soup version 0.31-a0-620-gd1cbd99268 (webtiles) character file.

Game seed: 10068770884487658176

771 THEDARKBAT1025 the Covered (level 7, -2/61 HPs)
             Began as a Minotaur Fighter on Aug 23, 2023.
             Slain by a bullfrog (6 damage)
             ... on level 7 of the Dungeon.
             The game lasted 00:24:21 (2009 turns).

THEDARKBAT1025 the Covered (Minotaur Fighter)       Turns: 2009, Time: 00:24:22

Health: -2/61      AC:  4    Str: 20    XL:     7   Next: 53%
Magic:  6/6        EV: 12    Int:  5    God:
Gold:   149        SH:  5    Dex: 12    Spells: 4/6 levels left

rFire   . . .        j - +3 flail
rCold   + . .        c - +0 buckler
rNeg    . . .        s - +1 leather armour {rC+}
rPois   .            (helmet restricted)
rElec   .            (no cloak)
rCorr   .            (no gloves)
SInv    .            (no boots)
Will    .....        (no amulet)
Stlth   +            (no ring)
HPRegen 0.30/turn    (no ring)
MPRegen 0.10/turn

%: no passive effects
@: no status effects
A: horns 2, retaliatory headbutt
a: no special abilities


You were on level 7 of the Dungeon.
You visited 1 branch of the dungeon, and saw 7 of its levels.

You collected 149 gold pieces.

Inventory:

Hand Weapons
 a - a +0 long sword
 h - a +2 dagger of protection
 i - a +0 shortbow
 j - a +3 flail (weapon)
Missiles
 e - 25 stones
Armour
 b - a +0 scale mail
 c - a +0 buckler (worn)
 s - a +1 leather armour of cold resistance (worn)
Wands
 p - a wand of roots (11) (quivered)
Scrolls
 f - a scroll of poison {unknown}
 k - a scroll of amnesia {unknown}
 l - a scroll of identify {unknown}
 n - a scroll of teleportation {unknown}
 q - a scroll of blinking {unknown}
 r - a scroll of fog {unknown}
Potions
 d - a potion of might
 g - 4 potions of curing {unknown}
 m - a potion of heal wounds {unknown}
 o - 3 potions of invisibility {unknown}
 t - a potion of magic {unknown}
 u - 2 potions of resistance {unknown}


   Skills:
 + Level 5.6 Fighting
 + Level 3.3(4.0) Short Blades
 + Level 3.6(4.3) Long Blades
 + Level 1.6 Maces & Flails
 + Level 6.3 Armour
 + Level 2.9 Dodging
 + Level 0.3 Stealth
 + Level 5.3 Shields


You had 4 spell levels left.
You knew the following spells:

 Your Spells              Type           Power      Damage    Failure   Level
a - Cigotuvi's Dreadful   Necr/Pois/Air  0%         N/A       75%         2

Your spell library contained the following spells:

 Spells                   Type           Power      Damage    Failure   Level
 Ignite Poison            Fire/Tmut/Pois 0%         N/A       92%         3
 Freezing Cloud           Conj/Ice/Air   0%         6-21      100%        5


Dungeon Overview and Level Annotations

Branches:
Dungeon (7/15)             Temple (0/1) D:6

Altars:
Dithmenos

Shops:
D:4 *(:*=


Innate Abilities, Weirdness & Mutations

You have a pair of horns on your head.
You reflexively headbutt those who attack you in melee.


Message History

You block the water moccasin's attack.
You hit the water moccasin.
You kill the water moccasin!
You feel sick.
Your Maces & Flails skill increases to level 1!
An iguana comes into view.
Found a flail.
You feel sick.
You are no longer poisoned.
The iguana hisses angrily.
A sky beast comes into view.
Found 3 stones.
A bullfrog comes into view.
Found a rapier.
The bullfrog croaks.
The sky beast flickers out of sight!
Deactivating autopickup; reactivate with Ctrl-A.
The bullfrog releases a deep croak.
You see here a scroll labelled HYRISU VAVI.
The iguana attacks as it pursues you! The iguana barely misses you.
The bullfrog attacks as it pursues you!
The bullfrog hits you but does no damage.
The iguana attacks as it pursues you! The iguana bites you!
* * * LOW HITPOINT WARNING * * *
You closely miss the bullfrog. You headbutt the bullfrog.
The bullfrog is lightly wounded.
You block the bullfrog's attack. The bullfrog barely misses you.
The iguana closely misses you. You furiously retaliate!
You headbutt the iguana! You hit the bullfrog.
Your headbutt misses the bullfrog.
The bullfrog is moderately wounded.
You block the bullfrog's attack. The iguana bites you.
* * * LOW HITPOINT WARNING * * *
The bullfrog misses you. Something hits you but does no damage.
The iguana bites you.
* * * LOW HITPOINT WARNING * * *
There are monsters nearby!
You barely miss the bullfrog. Your headbutt misses the bullfrog.
The bullfrog is moderately wounded.
The bullfrog barely misses you. The bullfrog hits you.
You die...

#....#.........
....#....>.........
........##.........
.....#..#.....#...
....#...[....#...
#........#......
#.......###.....
##...............
#....@....###....
##...lF.../# ....
#.....?....# ...
#....<......#
................
.................
..#..............
#...)...........(
##.....##........


You could see a bullfrog and an iguana.

Vanquished Creatures
  Edmund (D:6)
  2 water moccasins
  An ice beast (D:6)
  An orc warrior (D:6)
  A scorpion (D:4)
  An orc priest (D:6)
  A hound (D:6)
  An iguana (D:6)
  An orc wizard (D:4)
  5 adders
  19 orcs
  3 ball pythons
  A giant cockroach (D:4)
  4 goblins
  4 hobgoblins
  2 quokkas
  4 kobolds
52 creatures vanquished.

Notes
Turn   | Place    | Note
-------+----------+-------------------------------------------
     0 | D:1      | THEDARKBAT1025 the Minotaur Fighter began the quest for the
                  | Orb.
     0 | D:1      | Reached XP level 1. HP: 19/19 MP: 0/0
    88 | D:2      | Reached XP level 2. HP: 27/27 MP: 1/1
    96 | D:2      | Reached skill level 4 in Armour
   124 | D:2      | Reached XP level 3. HP: 33/33 MP: 2/2
   366 | D:4      | Found Ikost's Jewellery Shoppe.
   557 | D:4      | Reached XP level 4. HP: 3/41 MP: 3/3
   610 | D:4      | Found Giniyxuk's Book Boutique.
   610 | D:4      | Noticed a walking frostbound tome
   611 | D:4      | Noticed a scorpion
   612 | D:4      | Noticed a walking frostbound tome
   616 | D:4      | Killed a scorpion
   617 | D:4      | Reached skill level 1 in Short Blades
   617 | D:4      | Reached XP level 5. HP: 21/47 MP: 4/4
   629 | D:4      | Found Keit's Assorted Antiques.
   691 | D:4      | Found Ufibaiha's Weapon Boutique.
   709 | D:4      | Found Ammong's Assorted Antiques.
   986 | D:5      | Entered Level 5 of the Dungeon
  1130 | D:6      | Noticed Edmund
  1142 | D:6      | Reached skill level 1 in Dodging
  1168 | D:6      | Killed Edmund
  1169 | D:6      | Reached skill level 5 in Armour
  1169 | D:6      | Reached XP level 6. HP: 17/53 MP: 5/5
  1210 | D:6      | Found a staircase to the Ecumenical Temple.
  1536 | D:6      | Reached skill level 5 in Fighting
  1553 | D:6      | Found a shadowy altar of Dithmenos.
  1559 | D:6      | Noticed an orc warrior
  1614 | D:6      | Killed an orc warrior
  1653 | D:6      | Noticed a water moccasin
  1671 | D:6      | Killed a water moccasin
  1672 | D:6      | Reached skill level 5 in Shields
  1672 | D:6      | Reached XP level 7. HP: 14/61 MP: 6/6
  1691 | D:6      | Learned a level 2 spell: Cigotuvi's Dreadful Rot
  1849 | D:6      | Reached skill level 6 in Armour
  2000 | D:7      | Reached skill level 1 in Maces & Flails
  2008 | D:7      | HP: 3/61 [iguana (5)]
  2009 | D:7      | Slain by a bullfrog

Illustrated notes

Levels and vault maps discovered:
D:1:      dpeg_arrival_simpleton_b, layout_basic
D:2:      layout_loops_ring, minmay_3d_cube
D:3:      layout_loops_ring
D:4:      layout_cave_pools, serial_shops, nicolae_take_the_stairs,
          nicolae_shop_mannequins, nicolae_shop_rolling_square,
          nicolae_shop_window_shopping, nicolae_shop_window_shopping,
          chequers_serial_rivers_large_a
D:5:      layout_loops_cross, marbit_many_paths, serial_shops, shop
D:6:      layout_gridville, mainiacjoe_overflow_concentric_impassable,
          minmay_temple_entry_offerings, uniq_edmund
D:7:      layout_cave_pools, nicolae_ru_sacrificial_ziggurat,
          mainiacjoe_overflow_boulevard

Skill      XL: |  1  2  3  4  5  6  7 |
---------------+----------------------+-----
Fighting       | 4 5 |  5.6
Armour         | 4 5 6 |  6.3
Shields        | 4 5 |  5.3
Long Blades    | 3 |  3.6
Short Blades   | 1 2 3 |  3.3
Dodging        | 2 |  2.9
Maces & Flails | 1 |  1.6
Stealth        | |  0.3

Action                     |  1- 3 |  4- 6 |  7- 9 || total
---------------------------+-------+-------+-------++-------
  Melee: Long sword        |    34 |       |       ||    34
         Headbutt          |    15 |    26 |     5 ||    46
         Dagger            |    59 |   113 |       ||   172
         Flail             |       |       |    22 ||    22
  Evoke: Wand              |       |       |     1 ||     1
 Armour: Scale mail        |    72 |    55 |       ||   127
         Leather armour    |       |     4 |     4 ||     8
  Dodge: Dodged            |    46 |    53 |    21 ||   120
  Block: Buckler           |    24 |    28 |     9 ||    61

Table legend: (Time is in decaauts)
 A = Elapsed time spent in this place.
 B = Non-inter-level travel time spent in this place.
 C = Inter-level travel time spent in this place.
 D = Time resting spent in this place.
 E = Time spent auto-exploring this place.
 F = Levels seen in this place.
 G = Mean time per level.
                   A        B        C        D        E       F      G
               +--------+--------+--------+--------+--------+-----+--------+
         Total |   2018 |   1945 |     73 |      0 |      0 |   7 |  288.3 |
       Dungeon |   2018 |   1945 |     73 |      0 |      0 |   7 |  288.3 |
               +--------+--------+--------+--------+--------+-----+--------+

Top non-repeatable levels by time:
     D:6: 846 daAuts
     D:4: 625 daAuts
     D:2: 158 daAuts
     D:5: 143 daAuts
     D:3: 136 daAuts
     D:1: 80 daAuts
     D:7: 28 daAuts
